 Dungeon Crawl Stone Soup version 0.16-a0-3367-g7c1b4ff (webtiles) character file.

175016 SharpStick the Warrior (level 17, -7/247 HPs)
             Began as a Minotaur Fighter on Dec 27, 2014.
             Was a High Priest of Pakellas.
             Killed from afar by a balrug (39 damage)
             ... with a fireball
             ... on level 1 of the Abyss on Dec 30, 2014.
             The game lasted 02:39:34 (42538 turns).

SharpStick the Warrior (Minotaur Fighter)          Turns: 42538, Time: 02:39:35

Health: -7/247     AC: 24    Str: 35    XL:     17   Next: 46%
Magic:  28/28      EV: 20    Int:  9    God:    Pakellas [*****.]
Gold:   613        SH: 26    Dex: 19    Spells: 0 memorised, 16 levels left

rFire  . . .     SeeInvis .     a - +6 war axe "Tybrudom" {elec, rC+ Dex+2}
rCold  + + +     Clarity  +     s - +2 plate armour {rPois}
rNeg   . . .     SustAb   .     l - +1 large shield {AC+3}
rPois  +         Gourm    .     (helmet restricted)
rElec  .         Spirit   .     m - -2 cloak of Narcissism {rC++ Int+4}
rCorr  .         Warding  .     t - +0 pair of gloves {Str+3}
rMut   .         Stasis   .     w - +1 pair of boots
MR     +....                    c - amulet of clarity
Stlth  ..........               n - +4 ring of dexterity
                                Y - ring of invisibility

@: berserking, lethally poisoned, weakened, very quick, somewhat resistant to
hostile enchantments, extremely unstealthy
A: retaliatory headbutt, horns 2, repulsion field 2, large bone plates 1, blurry
vision 1, breathe flames 1, mutation resistance 1, screaming 1, strong 1
a: Minor Device Surge, Quick Charge, Device Surge, Major Device Surge, Renounce
Religion, Breathe Fire, Evoke Invisibility


You were on level 1 of the Abyss.
You worshipped Pakellas.
Pakellas was extremely pleased with you.
You were not hungry.

You visited 5 branches of the dungeon, and saw 29 of its levels.
You visited the Abyss 1 time.
You also visited: Bailey and Ice Cave.

You collected 3109 gold pieces.
You spent 2496 gold pieces at shops.

Inventory:

Hand weapons
 a - the +6 war axe "Tybrudom" (weapon) {elec, rC+ Dex+2}
   (You found it on level 13 of the Dungeon)

   Occasionally, upon striking a foe, it will discharge some electrical energy
   and cause terrible harm.
   It affects your dexterity (+2).
   It protects you from cold.
 b - a +0 demon trident of draining
 C - a +2 broad axe of draining
Missiles
 W - 2 throwing nets (quivered)
Armour
 l - a +1 large shield of protection (worn)
 m - the -2 cloak of Narcissism (worn) {rC++ Int+4}
   (You found it on level 3 of the Lair of Beasts)

   It affects your intelligence (+4).
   It greatly protects you from cold.
 s - a +2 plate armour of poison resistance (worn)
 t - a +0 pair of gloves of strength (worn)
 w - a +1 pair of boots (worn)
Jewellery
 c - an amulet of clarity (around neck)
 g - an uncursed amulet of the gourmand
 n - a +4 ring of dexterity (right hand)
 Y - a ring of invisibility (left hand)
Magical devices
 d - a wand of digging (7)
 f - a wand of fire (7)
 k - a wand of lightning (5)
 r - a wand of cold (0)
 E - a wand of disintegration (12)
 F - a wand of teleportation (8)
 J - a wand of hasting (5)
 P - a wand of cold (15)
 T - a wand of draining (12)
Scrolls
 i - 6 scrolls of remove curse
 o - a scroll of teleportation
 y - 5 scrolls of identify
 G - 2 scrolls of immolation
 K - 2 scrolls of magic mapping
 M - 5 scrolls of blinking
 N - a scroll of fog
 O - a scroll of fear
Potions
 h - 12 potions of curing
 j - 3 potions of restore abilities
 p - 2 potions of invisibility
 v - a potion of berserk rage
 x - 5 potions of flight
 B - 2 potions of agility
 H - 5 potions of resistance
 U - a potion of might
Miscellaneous
 e - 2 phials of floods
 q - a sack of spiders
 z - a box of beasts
Comestibles
 L - 14 bread rations


   Skills:
 + Level 18.2 Fighting
 - Level 18.0 Axes
 - Level 10.0 Armour
 - Level 14.5 Dodging
 - Level 15.0 Shields
 - Level 0.3 Spellcasting
 - Level 12.0 Evocations


You had 16 spell levels left.
You didn't know any spells.

Dungeon Overview and Level Annotations

Branches:
Dungeon (15/15)            Temple (1/1) D:5            Lair (8/8) D:10
 Shoals (0/5) Lair:5        Snake (0/5) Lair:4        Slime (0/6) Lair:8
    Orc (4/4) D:11            Elf (1/3) Orc:3        Vaults (0/5) D:13
 Depths (0/5) D:15

Altars:
Cheibriados
Dithmenos
Elyvilon
Fedhas
Gozag
Kikubaaqudgha
Makhleb
Okawaru
Pakellas
Qazlal
Ru
Sif Muna
Trog
Vehumet
Zin
The Shining One
Beogh
Jiyva

Shops:
D:5 ?   D:12 (   D:13 %   D:14 [[*}(%   Orc:4 *([:

Portals:
Trove: D:14 (give +3 gold dragon armour)

Annotations:
Lair:8 runed door


Innate Abilities, Weirdness & Mutations

You reflexively headbutt those who attack you in melee.
You have a pair of horns on your head.
You are surrounded by a moderate repulsion field (EV +3).
You are partially covered in large bone plates (AC +2, SH +2).
Scrolls take you a little longer to read.
You can breathe flames.
You are somewhat resistant to further mutation.
You occasionally shout uncontrollably at your foes.
Your muscles are strong. (Str +2)


Message History

The smoke demon is severely wounded.
You are covered in liquid flames!
* * * LOW HITPOINT WARNING * * *
You feel sick.
You hit the smoke demon but do no damage.
There is a sudden explosion of sparks!
You kill the smoke demon!
Pakellas accepts your kill.
You are covered in liquid flames!
* * * LOW HITPOINT WARNING * * *
You feel sick.
Drink which item? (? for menu, Esc to quit)
A red film seems to cover your vision as you go berserk!
You feel yourself moving faster!
You feel mighty!
You are covered in liquid flames!
* * * LOW HITPOINT WARNING * * *
You feel sick. The balrug gestures at you.
The fireball explodes!
The fireball engulfs you!
You die...

#.####)##. #
...#.###÷#.# ..#.
.......#.†..... .
....÷##....
.##...
....###.#†.......
#....##...#...#
###.#.#....#...#
#.....#..#. ###..
#..@.#..#.## #
.......##...2...#
# .####
...####†.....#
....###†.#....#
...##. . #.#
#.#....#. # #.
#.#....#..# # . .
### #. . .# # .
.## #


You could see a balrug.

Vanquished Creatures
  A bone dragon (Abyss:1)
  An Ice Fiend (IceCv)
  5 tentacled starspawn (Abyss:1)
  An azure jelly (Elf:1)
  Louise (Elf:1)
  3 orc warlords
  2 deep elf demonologists
  Snorg (Lair:6)
  2 eidola (Abyss:1)
  A blizzard demon (Abyss:1)
  2 fire dragons (D:15)
  8 hydras
  An ice dragon (Lair:2)
  Erica (Lair:6)
  2 dancing weapons (D:13)
  An ogre mage (D:13)
  A centaur warrior (D:15)
  A deep troll shaman (Lair:8)
  4 thrashing horrors (Abyss:1)
  19 death yaks
  Urug (D:14)
  A soul eater (Abyss:1)
  A catoblepas (Lair:8)
  The ghost of Roderic the Nimble, an experienced DDAr of Pakellas (Lair:3)
  4 wretched stars (Abyss:1)
  5 ice devils (IceCv)
  A storm dragon skeleton (Abyss:1)
  5 skeletal warriors (D:14)
  3 spatial maelstroms (Abyss:1)
  An unseen horror (D:15)
  A giant orange brain (Abyss:1)
  A death drake (Abyss:1)
  2 deep elf summoners (Elf:1)
  2 wizards (D:14)
  23 starcursed masses (Abyss:1)
  An anaconda zombie (Abyss:1)
  An ice statue (IceCv)
  A lindwurm (Lair:8)
  2 deep elf conjurers (Elf:1)
  4 hill giants
  3 griffons
  5 orc sorcerers
  9 orc knights
  3 cyclopes
  3 manticores
  14 ugly things
  11 large abominations (Abyss:1)
  A worldbinder (Abyss:1)
  A rust devil (D:14)
  An oklob plant (Lair:6)
  2 sixfirhies (Abyss:1)
  19 elephants
  A guardian serpent (Abyss:1)
  A siren (Lair:5)
  An apocalypse crab (Abyss:1)
  An eye of devastation (Abyss:1)
  3 black mambas
  A torpor snail (Lair:5)
  10 spiny frogs
  A queen ant (Lair:8)
  4 smoke demons (Abyss:1)
  A fire drake (shapeshifter) (Abyss:1)
  3 orange demons (Abyss:1)
  A demonic crawler (Abyss:1)
  6 komodo dragons
  A queen bee (D:9)
  A wandering mushroom (Lair:7)
  5 yaktaurs (D:15)
  A deep elf priest (Elf:1)
  5 kobold demonologists (D:14)
  6 freezing wraiths
  6 fire drakes
  3 merfolk (Lair:5)
  2 ancient zymes (Abyss:1)
  An anaconda simulacrum (IceCv)
  Sonja (D:12)
  2 polar bears
  A golden dragon simulacrum (IceCv)
  20 blink frogs
  8 trolls
  9 raiju (Abyss:1)
  A raven (Lair:6)
  A boulder beetle (Lair:8)
  A trapdoor spider zombie (D:6)
  6 slime creatures (D:13)
  A wolf spider simulacrum (IceCv)
  A wraith (D:15)
  4 trapdoor spiders
  73 yaks
  A water elemental (D:14)
  An ice dragon skeleton (Abyss:1)
  A two-headed ogre (D:15)
  4 deep elf magi
  3 dire elephant simulacra (IceCv)
  2 ynoxinuls (Abyss:1)
  A spriggan (shapeshifter) (D:13)
  2 basilisks
  3 chaos spawn (Abyss:1)
  Eustachio (D:7)
  2 deep elf fighters
  2 golden eyes (Abyss:1)
  A steam dragon (D:11)
  A shadow (D:15)
  16 wolves
  11 hippogriffs
  A hungry ghost (D:11)
  5 vampire mosquitoes (D:15)
  5 wargs
  14 water moccasins
  2 death yak simulacra (IceCv)
  A neqoxec (Abyss:1)
  Edmund (D:8)
  20 soldier ants (Lair:8)
  Menkaure (D:4)
  7 nagas
  2 spatial vortices (Abyss:1)
  4 hydra simulacra (IceCv)
  44 orc warriors
  10 porcupines
  4 harpy simulacra (IceCv)
  An iron troll simulacrum (IceCv)
  8 ice beasts
  A mottled dragon (D:15)
  A yellow wasp (D:12)
  A hell hound (Abyss:1)
  6 black bears
  2 ettin simulacra
  A phantom (D:13)
  9 ogres
  4 sky beasts
  23 crocodiles
  A boring beetle (Lair:8)
  7 centaurs
  Sigmund (D:3)
  Duvessa (D:7)
  A brain worm (D:15)
  30 giant frogs
  Blork the orc (D:4)
  5 big kobolds
  14 small abominations (Abyss:1)
  4 scorpions
  An elephant simulacrum (IceCv)
  14 wights
  A draconian simulacrum (IceCv)
  39 killer bees
  6 quasits
  2 goliath beetles (D:10)
  3 giant frog zombies
  2 vampire bats (D:4)
  Dowan (D:7)
  4 centaur skeletons
  9 crimson imps
  3 iron imps (Abyss:1)
  3 jellies
  13 hounds
  21 orc priests
  25 orc wizards
  4 centaur zombies
  11 iguanas
  3 hell rats (Elf:1)
  2 troll simulacra (IceCv)
  2 wolf simulacra (IceCv)
  32 worker ants
  3 centaur simulacra (IceCv)
  16 sheep
  Jessica (D:2)
  A mummy (D:8)
  2 naga simulacra (IceCv)
  2 worker ant zombies
  34 adders
  20 gnolls
  56 river rats
  3 shadow imps
  11 white imps
  3 ogre simulacra (IceCv)
  13 ufetubi
  2 worms
  An adder zombie (D:7)
  2 adder skeletons (D:4)
  4 giant geckos
  An ooze (D:5)
  177 orcs
  A ball python (D:1)
  4 bat skeletons
  3 bat zombies (D:4)
  43 goblins
  24 hobgoblins
  15 jackals
  36 kobolds
  15 quokkas
  16 bats
  2 giant cockroaches
  A giant gecko skeleton (D:8)
  A giant newt (D:2)
  A giant spore (D:11)
  13 rats
  6 ballistomycetes (D:11)
  A bush (Lair:4)
  10 fungi
  8 plants
  8 starspawn tentacles (Abyss:1)
1441 creatures vanquished.

Vanquished Creatures (collateral kills)
  A two-headed ogre (D:9)
  A wolf (Lair:3)
2 creatures vanquished.

Vanquished Creatures (others)
  An orc (Orc:3)
  22 fungi
  7 starspawn tentacles (Abyss:1)
  57 starspawn tentacle segments (Abyss:1)
87 creatures vanquished.

Grand Total: 1530 creatures vanquished

Notes
Turn   | Place    | Note
--------------------------------------------------------------
     0 | D:1      | SharpStick, the Minotaur Fighter, began the quest for the Orb.
     0 | D:1      | Reached XP level 1. HP: 19/19 MP: 1/1
   246 | D:1      | Reached XP level 2. HP: 20/26 MP: 1/1
   698 | D:1      | Reached skill level 4 in Axes
   879 | D:2      | Reached XP level 3. HP: 31/31 MP: 2/2
  1106 | D:2      | Noticed Jessica
  1108 | D:2      | Reached skill level 5 in Axes
  1117 | D:2      | Killed Jessica
  1117 | D:2      | Reached XP level 4. HP: 21/39 MP: 2/2
  1691 | D:3      | Reached skill level 6 in Axes
  1719 | D:3      | Noticed Sigmund
  1733 | D:3      | Killed Sigmund
  1733 | D:3      | Reached skill level 7 in Axes
  1733 | D:3      | Reached XP level 5. HP: 45/45 MP: 2/2
  2049 | D:4      | Noticed Blork the orc
  2056 | D:4      | Killed Blork the orc
  2056 | D:4      | Reached XP level 6. HP: 38/51 MP: 3/3
  2273 | D:4      | Noticed Menkaure
  2280 | D:4      | Killed Menkaure
  2280 | D:4      | Reached skill level 8 in Axes
  2789 | D:4      | Found an ancient bone altar of Kikubaaqudgha.
  2793 | D:4      | Reached skill level 9 in Axes
  2805 | D:4      | Reached XP level 7. HP: 54/57 MP: 3/3
  3355 | D:5      | Entered Level 5 of the Dungeon
  3395 | D:5      | Found a staircase to the Ecumenical Temple.
  3472 | Temple   | Entered the Ecumenical Temple
  3516 | Temple   | Became a worshipper of Pakellas the Inventive
  4043 | D:5      | Found Chiuc's Magic Scroll Emporium.
  4050 | D:5      | Bought 2 scrolls of identify for 48 gold pieces
  4050 | D:5      | Bought a scroll of remove curse for 36 gold pieces
  4144 | D:5      | Found a radiant altar of Vehumet.
  4778 | D:5      | Reached skill level 10 in Axes
  4855 | D:6      | Found a deep blue altar of Sif Muna.
  4856 | D:6      | Found a white marble altar of Elyvilon.
  4860 | D:6      | Found a bloodstained altar of Trog.
  5108 | D:6      | Gained mutation: You are somewhat resistant to further mutation. [mutagenic meat]
  5201 | D:6      | Reached skill level 11 in Axes
  5201 | D:6      | Reached XP level 8. HP: 42/64 MP: 3/3
  5992 | D:7      | Acquired Pakellas' first power
  6014 | D:7      | Found a sacrificial altar of Ru.
  6039 | D:7      | Reached skill level 12 in Axes
  6168 | D:7      | Found a shadowy altar of Dithmenos.
  6185 | D:7      | Noticed Dowan
  6187 | D:7      | Noticed Duvessa
  6192 | D:7      | Killed Dowan
  6200 | D:7      | Killed Duvessa
  6635 | D:7      | Reached skill level 13 in Axes
  6936 | D:7      | Got a fine great sword
  6991 | D:7      | Noticed Eustachio
  7032 | D:7      | Killed Eustachio
  7381 | D:7      | Reached XP level 9. HP: 67/70 MP: 4/4
  7449 | D:8      | Found an iron altar of Okawaru.
  8094 | D:8      | Found a glowing silver altar of Zin.
  8213 | D:8      | Noticed Edmund
  8223 | D:8      | Reached skill level 14 in Axes
  8225 | D:8      | Killed Edmund
  9071 | D:9      | Reached skill level 15 in Axes
  9472 | D:9      | Noticed a hill giant
  9482 | D:9      | Killed a hill giant
  9482 | D:9      | Reached skill level 16 in Axes
  9482 | D:9      | Reached XP level 10. HP: 22/77 MP: 4/4
  9853 | D:9      | Reached skill level 5 in Fighting
 10071 | D:9      | Acquired Pakellas' second power
 10684 | D:9      | Acquired Pakellas' third power
 11201 | D:10     | Entered Level 10 of the Dungeon
 11235 | D:10     | Found a staircase to the Lair.
 11235 | D:10     | Noticed an elephant
 11247 | D:10     | Killed an elephant
 11247 | D:10     | Reached skill level 10 in Fighting
 11580 | D:10     | Reached skill level 5 in Armour
 11826 | D:10     | Reached XP level 11. HP: 87/101 MP: 4/4
 12510 | Lair:1   | Entered Level 1 of the Lair of Beasts
 12584 | Lair:1   | Found a deep blue altar of Sif Muna.
 13021 | Lair:1   | Noticed a four-headed hydra
 13041 | Lair:1   | Killed a four-headed hydra
 13646 | Lair:2   | Noticed an ice dragon
 13662 | Lair:2   | Killed an ice dragon
 14279 | Lair:2   | Reached skill level 5 in Evocations
 15834 | Lair:3   | Noticed Roderic's ghost (experienced DDAr)
 15848 | Lair:3   | Killed Roderic's ghost
 15960 | Lair:3   | Got a shimmering cloak
 15966 | Lair:3   | Identified the cursed -2 cloak of Narcissism {rC++ Int+4} (You found it on level 3 of the Lair of Beasts)
 16026 | Lair:3   | Reached skill level 5 in Shields
 16407 | Lair:3   | Reached XP level 12. HP: 98/107 MP: 18/18
 17745 | Lair:4   | Received a gift from Pakellas
 17777 | Lair:4   | Upgraded the game from 0.16-a0-3338-g5ad3fa0 to 0.16-a0-3367-g7c1b4ff
 17819 | Lair:4   | Reached skill level 1 in Dodging
 18414 | Lair:4   | Found a staircase to the Snake Pit.
 18419 | Lair:4   | Reached skill level 10 in Shields
 18710 | Lair:4   | Reached skill level 5 in Dodging
 19509 | Lair:5   | Noticed an eight-headed hydra
 19729 | Lair:5   | Killed an eight-headed hydra
 20005 | Lair:5   | Found a staircase to the Shoals.
 20012 | Lair:5   | Reached XP level 13. HP: 38/114 MP: 17/19
 20427 | Lair:5   | Reached skill level 10 in Dodging
 21480 | Lair:6   | Noticed Erica
 21488 | Lair:6   | Killed Erica
 21838 | Lair:6   | Got an ancient long sword
 21839 | Lair:6   | Identified the +9 long sword "SharpStick's Peril" {antimagic, Int+2} (You found it on level 6 of the Lair of Beasts)
 21864 | Lair:6   | Noticed Snorg
 21876 | Lair:6   | Killed Snorg
 23825 | Lair:7   | Reached skill level 15 in Shields
 23835 | Lair:7   | Reached XP level 14. HP: 46/122 MP: 18/20
 24156 | Lair:7   | Gained mutation: You heal slowly when monsters are visible. [potion of mutation]
 24156 | Lair:7   | Lost mutation: You heal slowly when monsters are visible. [potion of mutation]
 24726 | Lair:8   | Entered Level 8 of the Lair of Beasts
 24822 | Lair:8   | Acquired Pakellas' fourth power
 24847 | Lair:8   | Received a gift from Pakellas
 25115 | Lair:8   | Reached skill level 10 in Armour
 25509 | Lair:8   | Reached skill level 17 in Axes
 26373 | Lair:8   | Reached skill level 18 in Axes
 26627 | Lair:8   | Found a runed door.
 26628 | Lair:8   | Found a viscous altar of Jiyva.
 26629 | Lair:8   | Found a staircase to the Slime Pits.
 26629 | Lair:8   | Noticed an acid blob
 26629 | Lair:8   | Noticed an acid blob
 26680 | Lair:8   | HP: 6/122 [eight-headed hydra (10)]
 28032 | D:11     | Found a burning altar of Makhleb.
 28432 | D:11     | Found a staircase to the Orcish Mines.
 28441 | Orc:1    | Entered Level 1 of the Orcish Mines
 28925 | Orc:1    | Received a gift from Pakellas
 29191 | D:5      | Bought a scroll of identify for 24 gold pieces
 29191 | D:5      | Bought a scroll of blinking for 90 gold pieces
 29191 | D:5      | Bought 2 scrolls of blinking for 180 gold pieces
 29191 | D:5      | Bought a scroll of identify for 24 gold pieces
 29191 | D:5      | Bought a scroll of identify for 24 gold pieces
 29191 | D:5      | Bought a scroll of magic mapping for 42 gold pieces
 29704 | Orc:3    | Noticed an orc warlord
 29736 | Orc:3    | Killed an orc warlord
 29736 | Orc:3    | Reached XP level 15. HP: 36/127 MP: 21/21
 30351 | Orc:3    | Found a staircase to the Elven Halls.
 30720 | Orc:4    | Entered Level 4 of the Orcish Mines
 30751 | Orc:4    | Found Iroroich's Antique Armour Shop.
 30803 | Orc:4    | Bought a faintly humming cloak for 256 gold pieces
 30813 | Orc:4    | Identified the cursed -4 cloak of Feasting {rF+} (You bought it in a shop on level 4 of the Orcish Mines)
 31017 | Orc:4    | Found Thrih's Book Boutique.
 31228 | Orc:4    | Found a roughly hewn altar of Beogh.
 31300 | Orc:4    | Found Sianotz's Antique Weapon Boutique.
 32240 | Orc:4    | Found Unufad's General Store.
 32249 | Orc:4    | Bought a scroll of remove curse for 45 gold pieces
 32249 | Orc:4    | Bought a potion of invisibility for 120 gold pieces
 32249 | Orc:4    | Bought a potion of heal wounds for 75 gold pieces
 32647 | D:12     | Noticed Sonja
 32655 | D:12     | Killed Sonja
 32731 | D:12     | Found Twiotr Imiju's Antique Weapon Shoppe.
 32761 | D:12     | Gained mutation: You can breathe flames. [mutagenic meat]
 32775 | D:12     | Found a flagged portal.
 32793 | Bailey   | Entered a bailey
 33519 | D:12     | Gained mutation: You are surrounded by a mild repulsion field (EV +2). [potion of beneficial mutation]
 34294 | D:13     | Got a brightly glowing war axe
 34295 | D:13     | Identified the +6 war axe "Tybrudom" {elec, rC+ Dex+2} (You found it on level 13 of the Dungeon)
 34341 | D:13     | Found a gate to the Vaults.
 34661 | D:13     | Gained mutation: Your muscles are strong. (Str +2) [potion of mutation]
 34854 | D:13     | Gained mutation: You are surrounded by a moderate repulsion field (EV +3). [mutagenic meat]
 35169 | D:13     | Found Nilid's Food Emporium.
 36188 | D:14     | Received a gift from Pakellas
 36227 | D:14     | Found Toratz's Armour Emporium.
 36236 | D:14     | Bought a +1 large shield of protection for 297 gold pieces
 36453 | D:14     | Reached skill level 10 in Evocations
 36475 | D:14     | Gained mutation: You occasionally shout uncontrollably at your foes. [mutagenic meat]
 36482 | D:14     | Gained mutation: You are partially covered in large bone plates (AC +2, SH +2). [mutagenic meat]
 36483 | D:14     | Gained mutation: Scrolls take you a little longer to read. [mutagenic meat]
 36499 | D:14     | Found Buypatuy's Antique Armour Shop.
 36505 | D:14     | Bought a distressingly furry cloak for 323 gold pieces
 36515 | D:14     | Identified the cursed -5 cloak of Loss {rF+ rCorr} (You bought it in a shop on level 14 of the Dungeon)
 36532 | D:14     | Noticed Urug
 36542 | D:14     | Killed Urug
 36844 | D:14     | Found a portal to a secret trove of treasure.
 36926 | D:14     | Found Gozag's Platinum Reserve.
 36947 | D:14     | Found an opulent altar of Gozag.
 36959 | D:14     | Found Ysouheam's Food Shoppe.
 37405 | D:14     | Found Schos' Antique Weapon Emporium.
 37415 | D:14     | Bought a runed broad axe for 156 gold pieces
 37420 | D:14     | Found Himanoj's Gadget Emporium.
 37429 | D:14     | Bought a wand of hasting (5) for 756 gold pieces
 37484 | D:15     | Entered Level 15 of the Dungeon
 37592 | D:15     | Reached XP level 16. HP: 80/135 MP: 19/27
 37865 | D:15     | Found a staircase to the Depths.
 38070 | D:15     | Found a shadowy altar of Dithmenos.
 39151 | Elf:1    | Entered Level 1 of the Elven Halls
 39151 | Elf:1    | Noticed Louise
 39166 | Elf:1    | Killed Louise
 39215 | Elf:1    | Found a frozen archway.
 39224 | IceCv    | Entered an ice cave
 39639 | IceCv    | Noticed an Ice Fiend
 39683 | IceCv    | HP: 2/143 [Ice Fiend (10)]
 39685 | IceCv    | Killed an Ice Fiend
 40037 | IceCv    | Identified a -1 rod of destruction (12/12) (You found it in an ice cave)
 40712 | Elf:1    | Cast into the Abyss (a deep elf demonologist)
 40724 | Abyss:1  | Identified Huoso's Grimoire of Boosting Attacks
 40978 | Abyss:1  | Noticed a tentacled starspawn
 40994 | Abyss:1  | Killed a tentacled starspawn
 41307 | Abyss:1  | Reached skill level 15 in Fighting
 41308 | Abyss:1  | Found a radiant altar of Vehumet.
 41310 | Abyss:1  | Noticed a tentacled starspawn
 41322 | Abyss:1  | Killed a tentacled starspawn
 41551 | Abyss:1  | Noticed a tentacled starspawn
 41555 | Abyss:1  | Killed a tentacled starspawn
 41764 | Abyss:1  | Reached XP level 17. HP: 158/158 MP: 28/28
 41777 | Abyss:1  | Noticed a bone dragon
 41785 | Abyss:1  | Paralysed by accursed screaming for 1 turns
 41803 | Abyss:1  | Killed a bone dragon
 42538 | Abyss:1  | Killed from afar by a balrug

Action                   |  1- 3 |  4- 6 |  7- 9 | 10-12 | 13-15 | 16-18 || total
-------------------------+-------+-------+-------+-------+-------+-------++-------
Melee: War axe           |    69 |   144 |   367 |   893 |  1739 |   733 ||  3945
       Spear             |       |       |       |    17 |       |       ||    17
       Demon trident     |       |       |       |     6 |    42 |       ||    48
Throw: Throwing net      |       |       |     1 |       |       |       ||     1
Invok: Minor Device Surg |       |       |     3 |     3 |     4 |       ||    10
       Quick Charge      |       |       |       |     2 |    11 |       ||    13
       Device Surge      |       |       |       |     2 |     3 |     1 ||     6
       Major Device Surg |       |       |       |       |     1 |       ||     1
 Abil: Breathe Fire      |       |       |       |       |     2 |       ||     2
Evoke: Wand              |       |       |     6 |    30 |    75 |    16 ||   127
       Phial of floods   |       |       |     1 |     1 |       |       ||     2
  Use: Scroll            |     3 |     3 |    16 |    12 |    24 |     3 ||    61
       Potion            |       |       |     2 |     3 |    22 |     3 ||    30
 Stab: Confused          |       |       |     1 |       |       |       ||     1
       Distracted        |       |       |       |     1 |       |     1 ||     2
  Eat: Chunk             |     1 |     5 |    11 |    21 |    80 |    12 ||   130
       Royal jelly       |       |       |     1 |     2 |       |       ||     3
       Pizza             |       |       |     1 |     1 |     2 |       ||     4
       Beef jerky        |       |       |     1 |       |     1 |       ||     2
       Meat ration       |       |       |     2 |     1 |     1 |       ||     4
